 Dungeon Crawl Stone Soup version 0.19.5 (webtiles) character file.

86 Yhamm the Covered (level 4, -8/31 HPs)
             Began as a High Elf Fighter on May 11, 2017.
             Mangled by miragecloak's ghost (14 damage)
             ... on level 3 of the Dungeon.
             The game lasted 00:21:45 (1872 turns).

Yhamm the Covered (High Elf Fighter)                Turns: 1872, Time: 00:21:51

Health: -8/31      AC: 10    Str: 21    XL:     4   Next: 27%
Magic:  5/5        EV:  6    Int: 12    God:
Gold:   111        SH:  9    Dex: 14    Spells: 0 memorised, 3 levels left

rFire  . . .     SeeInvis .     a - +0 flail
rCold  . . .     Gourm    .     O - +0 chain mail
rNeg   . . .     Faith    .     c - +0 shield
rPois  .         Spirit   .     (no helmet)
rElec  .         Reflect  .     (no cloak)
rCorr  .         Harm     .     (no gloves)
MR     .....                    t - +0 pair of boots
Stlth  ..........               (no amulet)
                                (no ring)
                                (no ring)

@: mighty
A: no striking features
a: no special abilities


You were on level 3 of the Dungeon.
You were not hungry.

You visited 1 branch of the dungeon, and saw 3 of its levels.

You collected 111 gold pieces.

Inventory:

Hand Weapons
 a - a +0 flail (weapon)
 g - a +0 club
 j - a +0 club
 k - a cursed -3 dagger
 o - a +0 club
 q - a +0 dagger
 w - a +0 club
 x - a +0 club
 y - a +0 short sword
 B - a +0 shortbow
 H - a +0 hand axe
 J - a +0 club
 Q - a +0 dagger
 S - a +2 dagger of electrocution
Missiles
 e - 5 tomahawks (quivered)
 h - 167 stones
 m - 14 bolts
Armour
 b - a +0 scale mail
 c - a +0 shield (worn)
 s - a +0 robe
 t - a +0 pair of boots (worn)
 u - a +0 robe
 A - a +3 leather armour
 D - a +0 leather armour
 E - a +0 robe
 N - a +0 robe
 O - a +0 chain mail (worn)
 R - a +0 ring mail
Jewellery
 r - a cursed ring of teleportation
Scrolls
 i - 5 scrolls of identify
 v - a scroll of immolation {unknown}
 K - 2 scrolls of remove curse {unknown}
 M - a scroll of amnesia {unknown}
 U - a scroll of noise {unknown}
 V - a scroll of fog {unknown}
 Y - a scroll of magic mapping {unknown}
Potions
 l - a potion of berserk rage {unknown}
 p - 2 potions of heal wounds
 C - a potion of curing {unknown}
 F - a potion of cure mutation {unknown}
 G - 2 potions of resistance {unknown}
 I - a potion of ambrosia {unknown}
 L - a potion of lignification {unknown}
 P - a potion of cancellation {unknown}
 T - a potion of agility {unknown}
Comestibles
 f - 2 bread rations
 n - 2 meat rations
 z - 2 slices of pizza
 W - 3 chunks of flesh
 X - a beef jerky


   Skills:
 + Level 3.1 Fighting
 + Level 2.2 Maces & Flails
 + Level 1.2 Throwing
 + Level 3.2 Armour
 + Level 1.4 Dodging
 + Level 3.1 Shields


You had 3 spell levels left.
You didn't know any spells.

Dungeon Overview and Level Annotations

Branches:
Dungeon (3/15)

Altars:
Qazlal

Annotations:
D:3 miragecloak's ghost, amateur MfAK


Message History

Miragecloak's ghost hits you.
You feel much better.
Miragecloak's ghost hits you but does no damage.
You closely miss miragecloak's ghost.
Miragecloak's ghost is severely damaged.
Miragecloak's ghost hits you but does no damage.
You closely miss miragecloak's ghost.
Miragecloak's ghost is severely damaged.
Miragecloak's ghost barely misses you. You block miragecloak's ghost's attack.
You sock miragecloak's ghost!
Miragecloak's ghost is almost destroyed.
Miragecloak's ghost hits you but does no damage.
You are electrocuted!
You hit miragecloak's ghost but do no damage.
Miragecloak's ghost is almost destroyed.
Miragecloak's ghost hits you.
You are electrocuted!
* * * LOW HITPOINT WARNING * * *
Miragecloak's ghost hits you but does no damage.
You are electrocuted!
You die...

.. .# ##+#(###
#..(...# #...[..#
.. #......#
#.##......#
..##W##### #.##@#
##..#.# ...#.#
#.#.# #...# .#
#...# #.# #...#
#.# #.#>#
#####.########.#.#


You could see miragecloak's ghost.

Vanquished Creatures
  2 adders (D:2)
  A worm (D:3)
  4 dart slugs
  4 leopard geckos
  2 giant cockroaches
  5 goblins
  6 hobgoblins
  7 jackals
  5 kobolds
  2 quokkas (D:2)
  4 bats
  3 frilled lizards
  4 rats (D:1)
  A plant (D:1)
50 creatures vanquished.

Notes
Turn   | Place    | Note
-------+----------+-------------------------------------------
     0 | D:1      | Yhamm the High Elf Fighter began the quest for the Orb.
     0 | D:1      | Reached XP level 1. HP: 16/16 MP: 2/2
   178 | D:1      | Reached XP level 2. HP: 14/21 MP: 3/3
   783 | D:2      | Reached XP level 3. HP: 22/26 MP: 4/4
   804 | D:2      | Found a stormy altar of Qazlal.
   944 | D:2      | Reached skill level 1 in Dodging
  1099 | D:2      | Reached skill level 1 in Throwing
  1187 | D:2      | Reached XP level 4. HP: 30/31 MP: 5/5
  1853 | D:3      | Noticed miragecloak's ghost (amateur MfAK)
  1872 | D:3      | Mangled by miragecloak's ghost

Skill      XL: |  1  2  3 |
---------------+----------+-----
Armour         | 3 |  3.2
Dodging        | 1 |  1.4
Maces & Flails | 2 |  2.2
Shields        | 3 |  3.1
Throwing       | 1 |  1.2
Fighting       | |  3.1

Action                   |  1- 3 |  4- 6 || total
-------------------------+-------+-------++-------
Melee: Flail             |   175 |    34 ||   209
       Dagger            |       |    16 ||    16
Throw: Tomahawk          |    24 |     2 ||    26
  Use: Scroll            |     1 |     2 ||     3
       Potion            |     1 |     2 ||     3
  Eat: Chunk             |     1 |     3 ||     4
Armor: Scale mail        |    87 |     2 ||    89
       Chain mail        |       |    28 ||    28
Dodge: Dodged            |    45 |    12 ||    57
Block: Shield            |    96 |    21 ||   117
